 Dungeon Crawl Stone Soup version 0.26-a0-670-g578ab304f5 (webtiles) character file.

Game seed: 627861524736144321

351 PentaManta the Ruffian (level 6, -8/47 HPs)
             Began as a Ghoul Artificer on Oct 19, 2020.
             Mangled by Sigmund
             ... wielding a +1 scythe of protection
              (10 damage)
             ... on level 4 of the Dungeon.
             The game lasted 00:05:15 (3750 turns).

PentaManta the Ruffian (Ghoul Artificer)            Turns: 3750, Time: 00:05:15

Health: -8/47      AC: 11    Str: 18    XL:     6   Next: 61%
Magic:  5/5        EV:  7    Int:  6    God:
Gold:   118        SH:  0    Dex:  9    Spells: 5/5 levels left

rFire    . . .     SeeInvis .     - Unarmed
rCold    + . .     Faith    .   (no shield)
rNeg     + + +     Spirit   .   j - +0 chain mail
rPois    ∞         Reflect  .   s - +2 helmet
rElec    .         Harm     .   (no cloak)
rCorr    .         Rampage  .   (no gloves)
MR       .....                  (no boots)
Stlth    ..........             (no amulet)
HPRegen  0.00/turn              (no ring)
MPRegen  0.09/turn              (no ring)

@: confused
A: rotting body, claws 1, cold resistance 1, negative energy resistance 3,
inhibited regeneration, torment resistance, unbreathing
a: no special abilities


You were on level 4 of the Dungeon.
You visited 1 branch of the dungeon, and saw 4 of its levels.

You collected 118 gold pieces.

Inventory:

Hand Weapons
 h - a +1 hunting sling of freezing
Missiles
 k - 47 poisoned darts (quivered)
Armour
 j - a +0 chain mail (worn)
 s - a +2 helmet (worn)
Wands
 c - a wand of flame (15)
 d - a wand of enslavement (14)
 e - a wand of random effects (15)
Scrolls
 a - a scroll of enchant weapon {unknown}
 b - 3 scrolls of remove curse {unknown}
 f - 4 scrolls of identify {unknown}
 g - a scroll of enchant armour {unknown}
 o - 2 scrolls of teleportation {unknown}
 q - a scroll of noise {unknown}
 t - a scroll of magic mapping {unknown}
Potions
 i - a potion of berserk rage {unknown}
 l - a potion of invisibility {unknown}
 m - 2 potions of heal wounds {unknown}
 n - a potion of magic {unknown}
 p - a potion of brilliance {unknown}
 r - a potion of lignification {unknown}


   Skills:
 - Level 1.1 Fighting
 - Level 2.0 Armour
 - Level 2.0 Dodging
 - Level 1.1 Stealth
 + Level 6.3 Unarmed Combat
 - Level 3.0 Evocations


You had 5 spell levels left.
You didn't know any spells.
Your spell library was empty.

Dungeon Overview and Level Annotations

Branches:
Dungeon (4/15)
 Temple: D:4-7

Altars:

Annotations:
D:4 Sigmund


Innate Abilities, Weirdness & Mutations

Your body is rotting away.
You thrive by killing the living.
You are immune to poison.
You have sharp fingernails.
Your flesh is cold resistant. (rC+)
You are immune to negative energy. (rN+++)
You do not regenerate when monsters are visible.
You are immune to unholy pain and torment.
You can survive without breathing.


Message History

You bump into the rock wall.
Something hits you.
You bump into the rock wall.
Something hits you but does no damage. Something hits you!
* * * LOW HITPOINT WARNING * * *
Something hits you but does no damage.
You bump into the rock wall.
You feel less confused. Something hits you!
* * * LOW HITPOINT WARNING * * *
Evoke which item? (* to show all) (? for menu, Esc to quit)
Aiming: Random Effects
Press: ? - help, Shift-Dir - straight line, f - you
Okay, then.
Evoke which item? (* to show all) (? for menu, Esc to quit)
Press: ? - help, Shift-Dir - straight line Nothing appears to happen.
You hear some strange, mumbled words.
You are confused.
Something hits you!
You die...

...... ...............
#..... .######...?..##
# #.... #.......[.
#.#.##. #####......##
...... ......##.....
#.... ###.$.......
#.... #.........
#....########.........
#....@.{..............
#..#.########.........
# #. #.?....... #.
#####..... .. #.....
#. ###$# .. .# ..


There were no monsters in sight!

Vanquished Creatures
  An ice beast (D:3)
  An orc priest (D:3)
  An iguana (D:4)
  A worker ant zombie (D:3)
  7 adders
  3 gnolls (D:3)
  A white imp (D:3)
  An ooze (D:3)
  2 worms (D:3)
  3 dart slugs
  A leopard gecko (D:1)
  2 orcs (D:3)
  8 bats
  3 giant cockroaches
  11 goblins
  6 hobgoblins
  9 jackals
  5 kobolds
  2 quokkas (D:3)
  A ball python (D:3)
  4 frilled lizards
  9 rats
82 creatures vanquished.

Notes
Turn   | Place    | Note
-------+----------+-------------------------------------------
     0 | D:1      | PentaManta the Ghoul Artificer began the quest for the Orb.
     0 | D:1      | Reached XP level 1. HP: 16/16 MP: 0/0
   111 | D:1      | Reached skill level 1 in Dodging
   253 | D:1      | Reached XP level 2. HP: 20/23 MP: 1/1
   390 | D:1      | Reached skill level 1 in Unarmed Combat
   859 | D:1      | Reached XP level 3. HP: 28/28 MP: 2/2
   975 | D:2      | Found a faded altar of an unknown god.
  1306 | D:2      | Reached skill level 2 in Unarmed Combat
  1339 | D:2      | Reached XP level 4. HP: 35/35 MP: 3/3
  2037 | D:3      | Reached skill level 3 in Unarmed Combat
  2072 | D:3      | Noticed an ice beast
  2111 | D:3      | Killed an ice beast
  2111 | D:3      | Reached skill level 4 in Unarmed Combat
  2111 | D:3      | Reached XP level 5. HP: 25/40 MP: 4/4
  2299 | D:3      | Reached skill level 5 in Unarmed Combat
  2400 | D:3      | Reached XP level 6. HP: 37/47 MP: 5/5
  3027 | D:3      | Reached skill level 6 in Unarmed Combat
  3710 | D:4      | Noticed Sigmund
  3747 | D:4      | HP: 2/47 [something (7)]
  3750 | D:4      | Mangled by Sigmund

Illustrated notes

Levels and vault maps discovered:
D:1:      dpeg_arrival_three_same_balls, layout_basic
D:2:      layout_loops_corners, chequers_ecumenical_altar_simple_redux,
          minmay_tree_intersection, kennysheep_generic_room_3
D:3:      layout_loops_ring, grunt_ministairs_7, kennysheep_generic_room_12
D:4:      layout_basic, uniq_sigmund, uniq_edmund

Skill      XL: |  1  2  3  4  5  6 |
---------------+-------------------+-----
Dodging        | 1 2 |  2.0
Armour         | 2 |  2.0
Unarmed Combat | 1 2 4 5 6 |  6.3
Evocations     | 3 |  3.0
Fighting       | |  1.1
Stealth        | |  1.1

Action                   |  1- 3 |  4- 6 || total
-------------------------+-------+-------++-------
Melee: Unarmed           |   122 |   241 ||   363
Evoke: Wand              |       |     1 ||     1
 Stab: Sleeping          |     2 |       ||     2
Armor: Leather armour    |    30 |       ||    30
       Chain mail        |    38 |   140 ||   178
Dodge: Dodged            |    88 |    84 ||   172

Table legend: (Time is in decaauts)
 A = Elapsed time spent in this place.
 B = Non-inter-level travel time spent in this place.
 C = Inter-level travel time spent in this place.
 D = Time resting spent in this place.
 E = Time spent auto-exploring this place.
 F = Levels seen in this place.
 G = Mean time per level.
                   A        B        C        D        E       F      G
               +--------+--------+--------+--------+--------+-----+--------+
         Total |   3729 |   3605 |    124 |    181 |   2702 |   4 |  932.2 |
       Dungeon |   3729 |   3605 |    124 |    181 |   2702 |   4 |  932.2 |
               +--------+--------+--------+--------+--------+-----+--------+

Top non-repeatable levels by time:
     D:3: 1436 daAuts
     D:2: 1068 daAuts
     D:1: 952 daAuts
     D:4: 272 daAuts
